[Event "DSOL 2022"]
[Site "Germany"]
[Date "2022.04.07"]
[Round "7.2"]
[White "Gerland, Felix"]
[Black "Fieberg, Samuel"]
[Result "1-0"]
[ECO "E01"]
[WhiteElo "1932"]
[BlackElo "1655"]
[Annotator "TA"]
[PlyCount "141"]
[EventDate "2022.01.31"]
[EventType "team-tourn"]
[EventCountry "GER"]
[SourceTitle "playchess.com"]
[Source "ChessBase"]
[SourceQuality "1"]
[WhiteTeam "SK Rinteln I"]
[BlackTeam "SG Porz I"]
[TimeControl "2700+15"]

1. c4 c6 2. Nf3 d5 3. b3 Nf6 4. Bb2 e6 5. g3 Bd6 6. Bg2 Nbd7 7. d4 b5 8. Nbd2 a5 9. O-O a4 10. c5 Bc7 11. b4 Qe7 12. Ne5 Bb7 13. Qc2 h5 14. h4 Ng4 15. Ndf3 Ndxe5 16. dxe5 f6 17. exf6 gxf6 18. e4 Qh7 19. Nd4 e5 20. exd5 Qxc2 21. Nxc2 cxd5 22. Rad1 O-O-O 23. Rd2 Rh7 24. Rfd1 Rhd7 25. Na3 Bc6 26. Bf1 e4 27. Bd4 e3 28. Bxe3 Nxe3 29. fxe3 Bxg3 30. Bxb5 Bxb5 (30... Kc7 $16 {keeps fighting.} 31. Bxc6 Kxc6) 31. Nxb5 $18 Bxh4 32. Nd6+ Rxd6 (32... Kc7 $142 33. Rxd5 Rg7+ 34. Kh1 Kb8 35. Rxh5 Bf2) 33. cxd6 $18 Rxd6 34. Rxd5 Re6 35. R1d3 Bg5 36. Kf2 Re4 37. a3 h4 38. Kf3 Re7 39. Ra5 Rh7 40. Rxa4 h3 41. Rd1 h2 42. Rh1 Rh3+ 43. Kg4 Rxe3 44. Rxh2 Kb7 45. Ra5 Rb3 46. Rh3 Rb1 47. Rf3 Kb6 48. Rxg5 fxg5 49. Kxg5 Kb5 50. Kf4 $2 (50. Rf5+ $18 Kb6 51. Kf4) 50... Ka4 $16 51. Ke4 Rd1 $2 (51... Rg1 $16) 52. Rd3 $1 $18 Rc1 {[#]} 53. Kd4 $2 (53. Ke5 $1 $18) 53... Rc8 $16 54. Rc3 Rd8+ 55. Ke3 Rh8 56. Rd3 Rh2 $2 {[#]} (56... Rh4 $16 {was necessary.}) 57. Kd4 $1 $18 Rh5 58. Kc4 Rh3 $2 (58... Rh1 59. Kc5 Rc1+ 60. Kb6 Rc6+ 61. Kb7 Rb6+ 62. Kc7 Rc6+ 63. Kd7 Rh6) 59. Rd5 Rh4+ 60. Kc5 Kxa3 61. b5 Rh1 62. Rd4 Kb3 63. Kb6 Kc3 64. Rg4 Kd3 65. Ka6 Ra1+ 66. Kb7 Rb1 67. b6 Rb2 68. Kc7 Rc2+ 69. Kb8 Rb2 70. b7 Rb1 71. Ra4 1-0

[Event "DSOL 2022"]
[Site "Germany"]
[Date "2022.04.07"]
[Round "7.2"]
[White "De Albuquerque Mello Pereira, Felipe"]
[Black "Brandt, Carina"]
[Result "1-0"]
[ECO "E92"]
[WhiteElo "1927"]
[BlackElo "1574"]
[Annotator "TA"]
[PlyCount "77"]
[EventDate "2022.01.31"]
[EventType "team-tourn"]
[EventCountry "GER"]
[SourceTitle "playchess.com"]
[Source "ChessBase"]
[SourceQuality "1"]
[TimeControl "2700+15"]

1. d4 Nf6 2. c4 g6 3. Nc3 Bg7 4. e4 d6 5. Nf3 O-O 6. Be2 e5 7. Be3 Nc6 8. d5 Ne7 9. Nd2 Ne8 10. f3 f5 11. c5 Rf7 {E92: King's Indian: Classical: 6 Be2 e5: 7 dxe5, 7 Be3 and Petrosian System without 7...Nbd7.} (11... c6 $14) 12. b4 f4 13. Bf2 g5 {White is better.} 14. Nc4 Bf8 15. a4 {&Bianco is more active.} Ng6 16. Qb3 {[#]} g4 $146 ({Predecessor:} 16... h5 17. a5 g4 18. cxd6 Nxd6 19. Rc1 Nh4 20. Rg1 Nxc4 21. Qxc4 Bd6 22. Na4 Qe7 {1-0 (62) Gray,E (1994)-Carroll,P (1563) Dundee 2017}) 17. fxg4 Nh4 18. Bf3 Qg5 19. h3 h5 20. gxh5 (20. O-O-O $18) 20... Ng7 (20... Rg7 $16 {was called for.} 21. Ke2 b6 22. cxd6 (22. cxb6 Nxf3 23. gxf3 axb6 $16) 22... cxd6) 21. cxd6 $18 Nxg2+ $2 {[#]} (21... cxd6 22. Nb5 Nxh5 23. Ncxd6 Bxd6) 22. Bxg2 Qxg2 23. Rg1 Qxh3 24. Nxe5 Bxd6 25. Nxf7 Kxf7 26. O-O-O a5 27. b5 Bg4 28. Bd4 Nxh5 29. Rde1 Ng3 30. e5 Bb4 31. e6+ Ke7 32. Qc4 Bd6 33. Bc5 {[#] Bxd6+ would kill now.} Nf5 34. Bxd6+ {White mates.} cxd6 35. Qc7+ Kf6 36. Qf7+ Kg5 37. Ne4+ Kh4 38. Qf6+ Kh5 39. Qg5# {Weighted Error Value: White=0.15 (very precise) /Black=0.76} 1-0

[Event "DSOL 2022"]
[Site "Germany"]
[Date "2022.04.04"]
[Round "7.2"]
[White "Akingboye, Michael"]
[Black "Meyling, Lennart"]
[Result "1-0"]
[ECO "A40"]
[WhiteElo "1847"]
[BlackElo "1619"]
[Annotator "NA RC"]
[PlyCount "63"]
[EventDate "2022.01.31"]
[EventType "team-tourn"]
[EventCountry "GER"]
[SourceTitle "playchess.com"]
[Source "ChessBase"]
[SourceQuality "1"]
[WhiteTeam "SF Brand"]
[BlackTeam "Hamburger SK I"]
[TimeControl "2700+15"]

1. d4 e5 2. dxe5 Nc6 3. Nf3 Qe7 4. Bf4 Qb4+ 5. Bd2 Qxb2 6. Nc3 Bb4 7. Rb1 Qa3 8. Nd5 Bxd2+ 9. Qxd2 Kd8 10. e4 Nge7 11. Bc4 Na5 12. Bb3 Nxb3 13. Rxb3 Qa6 14. Ng5 Qg6 15. O-O h6 16. Nf3 Qxe4 17. Nxe7 Kxe7 18. Re1 Qa4 19. Qc3 b6 20. e6 dxe6 21. Qxg7 Bb7 22. Ne5 Rhg8 23. Qxf7+ Kd6 24. Rd3+ Bd5 25. g3 Raf8 26. Qh7 Rh8 27. Nf7+ Rxf7 28. Qxf7 Qxc2 29. Qxe6+ Kc5 30. Qxd5+ Kb4 31. Re4+ Qc4 32. Rxc4# 1-0

[Event "DSOL 2022"]
[Site "Germany"]
[Date "2022.04.04"]
[Round "7.2"]
[White "Dunsbach, Ralf"]
[Black "Belezky, Alexander"]
[Result "0-1"]
[ECO "E11"]
[WhiteElo "1822"]
[BlackElo "1708"]
[Annotator "NA RC"]
[PlyCount "66"]
[EventDate "2022.01.31"]
[EventType "team-tourn"]
[EventCountry "GER"]
[SourceTitle "playchess.com"]
[Source "ChessBase"]
[SourceQuality "1"]
[WhiteTeam "SK Bad Homburg I"]
[BlackTeam "Bayern München I"]
[TimeControl "2700+15"]

1. d4 Nf6 2. c4 e6 3. g3 Bb4+ 4. Bd2 Qe7 5. Nf3 Nc6 6. Bg2 Bxd2+ 7. Qxd2 Ne4 8. Qc2 Qb4+ 9. Nbd2 Nxd2 10. Qxd2 Qxc4 11. O-O Qb4 12. Qc2 d5 13. a3 Nxd4 14. Nxd4 Qxd4 15. Qxc7 O-O 16. b4 Qb6 17. Rac1 Qa6 18. e4 dxe4 19. Bxe4 Qxa3 20. Qc5 a5 21. Bxh7+ Kxh7 22. Qxf8 Qxb4 23. Qd8 a4 24. Rxc8 Ra6 25. Qg8+ Kg6 26. Rc7 Qb2 27. Qxf7+ Kh6 28. Rc8 g6 29. Rg8 e5 30. Rh8+ Kg5 31. h4+ Kg4 32. Kg2 Qb3 33. Qxg6+ Rxg6 0-1

[Event "DSOL 2022"]
[Site "Germany"]
[Date "2022.04.07"]
[Round "7.2"]
[White "Denz, Johannes"]
[Black "Schulze Bisping, Franz-Adolf"]
[Result "1-0"]
[ECO "C11"]
[WhiteElo "1789"]
[BlackElo "1646"]
[Annotator "NA RC"]
[PlyCount "73"]
[EventDate "2022.01.31"]
[EventType "team-tourn"]
[EventCountry "GER"]
[SourceTitle "playchess.com"]
[Source "ChessBase"]
[SourceQuality "1"]
[TimeControl "2700+15"]

1. e4 e6 2. Nf3 d5 3. Nc3 Nf6 4. e5 Nfd7 5. d4 c5 6. Bg5 Qb6 7. dxc5 Bxc5 8. Qd2 h6 9. Bh4 Nc6 10. Na4 Qb4 11. Nxc5 Qxd2+ 12. Kxd2 Nxc5 13. Bb5 Bd7 14. Bxc6 bxc6 15. Nd4 Ne4+ 16. Ke3 f5 17. f3 Ng5 18. Nb3 Nf7 19. Kd4 Rb8 20. c3 g5 21. Bf2 h5 22. Rab1 f4 23. Nc5 Nh6 24. h4 g4 25. b4 Rg8 26. Kd3 Ke7 27. a4 Be8 28. Kd2 Bg6 29. Rb2 Be8 30. Nd3 gxf3 31. gxf3 Kd7 32. Bxa7 Ra8 33. Bf2 Nf5 34. a5 Rg2 35. Ke1 Ng3 36. Rg1 Rxg1+ 37. Bxg1 1-0

[Event "DSOL 2022"]
[Site "Germany"]
[Date "2022.04.04"]
[Round "7.2"]
[White "Gehringer, Frank"]
[Black "Hagenbach, Udo"]
[Result "1/2-1/2"]
[ECO "B16"]
[WhiteElo "1649"]
[BlackElo "1779"]
[Annotator "NA RC"]
[PlyCount "28"]
[EventDate "2022.01.31"]
[EventType "team-tourn"]
[EventCountry "GER"]
[SourceTitle "playchess.com"]
[Source "ChessBase"]
[SourceQuality "1"]
[WhiteTeam "SC Leinfelden I"]
[BlackTeam "SV Bergwinkel I"]
[TimeControl "2700+15"]

1. e4 c6 2. d4 d5 3. Nc3 dxe4 4. Nxe4 Nf6 5. Nxf6+ gxf6 6. Nf3 Bf5 7. Bd3 Bg6 8. Bf4 e6 9. c3 Bd6 10. Bxd6 Qxd6 11. Bxg6 hxg6 12. Qb3 b6 13. g3 Qd5 14. Qxd5 exd5 1/2-1/2

[Event "DSOL 2022"]
[Site "Germany"]
[Date "2022.04.07"]
[Round "7.2"]
[White "Leonard, Timo"]
[Black "Jelica, Mara"]
[Result "1/2-1/2"]
[ECO "E92"]
[WhiteElo "1450"]
[BlackElo "1583"]
[Annotator "NA RC"]
[PlyCount "70"]
[EventDate "2022.01.31"]
[EventType "team-tourn"]
[EventCountry "GER"]
[SourceTitle "playchess.com"]
[Source "ChessBase"]
[SourceQuality "1"]
[TimeControl "2700+15"]

1. d4 Nf6 2. c4 g6 3. Nc3 Bg7 4. e4 d6 5. Nf3 O-O 6. Be2 e5 7. Be3 Nc6 8. d5 Ne7 9. Nd2 a5 10. f3 c5 11. g4 Bd7 12. Nf1 Qb6 13. Qd2 a4 14. h4 h5 15. Ng3 hxg4 16. h5 gxh5 17. Nxh5 Nxh5 18. Rxh5 a3 19. b3 g3 20. Bh6 Ng6 21. Qg5 Qd8 22. Qxg3 Bxh6 23. Rxh6 Kg7 24. Rh1 Rh8 25. O-O-O Qf6 26. Rdg1 Rxh1 27. Rxh1 Qf4+ 28. Qxf4 exf4 29. Kd2 Ne5 30. Ke1 Kf6 31. Rh6+ Ke7 32. Kf2 Rg8 33. Nb1 Ra8 34. Rh4 Ng6 35. Rh7 Ne5 1/2-1/2

[Event "DSOL 2022"]
[Site "Germany"]
[Date "2022.04.07"]
[Round "7.3"]
[White "Jagodzinsky, Andreas"]
[Black "Valkova, Anzhelika"]
[Result "1-0"]
[ECO "D36"]
[WhiteElo "1804"]
[BlackElo "1590"]
[Annotator "NA RC"]
[PlyCount "101"]
[EventDate "2022.01.31"]
[EventType "team-tourn"]
[EventCountry "GER"]
[SourceTitle "playchess.com"]
[Source "ChessBase"]
[SourceQuality "1"]
[WhiteTeam "SV Hemer"]
[BlackTeam "SF Deizisau II"]
[TimeControl "2700+15"]

1. d4 d5 2. c4 e6 3. Nc3 Nf6 4. cxd5 exd5 5. Bg5 Be7 6. e3 c6 7. Bd3 O-O 8. h3 Nbd7 9. Qc2 Re8 10. Nf3 Nf8 11. Ne5 Ne4 12. Bf4 f6 13. Nf3 Bf5 14. Nd2 Bb4 15. Bxe4 Bxe4 16. Ncxe4 Rxe4 17. O-O-O Bxd2+ 18. Qxd2 a5 19. g4 a4 20. h4 Ra5 21. Kb1 Rb5 22. g5 f5 23. h5 Nd7 24. Ka1 Nb6 25. Rb1 Nc4 26. Qc2 Qa5 27. f3 Nd2 28. Rbf1 Nb3+ 29. Kb1 Nd2+ 30. Ka1 Re8 31. g6 Nxf1 32. Rxf1 h6 33. Qxf5 Rf8 34. Qe6+ Kh8 35. Bxh6 Qc7 36. Bf4 Qc8 37. Qd6 Qd8 38. Qe5 Qf6 39. h6 Kg8 40. hxg7 Kxg7 41. Qc7+ Kxg6 42. Rg1+ Kf5 43. Rg5+ Qxg5 44. Qe5+ Kg6 45. Qxg5+ Kf7 46. a3 Rb3 47. Qf5+ Ke8 48. Qe6+ Kd8 49. Qd6+ Ke8 50. Bg5 Rf7 51. Qd8# 1-0

[Event "DSOL 2022"]
[Site "Germany"]
[Date "2022.04.07"]
[Round "7.3"]
[White "Rolf, Marco"]
[Black "Radgen, Samuel"]
[Result "1-0"]
[ECO "E67"]
[WhiteElo "1745"]
[BlackElo "1620"]
[Annotator "NA RC"]
[PlyCount "85"]
[EventDate "2022.01.31"]
[EventType "team-tourn"]
[EventCountry "GER"]
[SourceTitle "playchess.com"]
[Source "ChessBase"]
[SourceQuality "1"]
[WhiteTeam "TV Fischbek"]
[BlackTeam "MSA Zugzwang"]
[TimeControl "2700+15"]

1. d4 Nf6 2. c4 g6 3. Nc3 Bg7 4. Nf3 O-O 5. g3 d6 6. Bg2 Nbd7 7. O-O e5 8. h3 exd4 9. Nxd4 Ne5 10. b3 c6 11. Bb2 d5 12. cxd5 Nxd5 13. Nxd5 cxd5 14. Rc1 Bd7 15. Qd2 Rc8 16. Kh2 Kh8 17. Rxc8 Qxc8 18. Rc1 Qd8 19. Rc5 Be6 20. a4 Nd7 21. Rc1 Qb6 22. e3 a6 23. Ba3 Re8 24. a5 Qd8 25. Bd6 Nf6 26. Qb4 Bf8 27. Bxf8 Rxf8 28. Qxb7 Qxa5 29. Nxe6 fxe6 30. Rc8 Kg8 31. Qc6 Rxc8 32. Qxe6+ Kg7 33. Qxc8 Qe1 34. Qc7+ Kg8 35. Qd8+ Kf7 36. Bxd5+ Nxd5 37. Qxd5+ Kg7 38. Kg2 Qb4 39. e4 a5 40. h4 a4 41. Qd7+ Kf6 42. Qxa4 Qb7 43. Qd4+ 1-0

[Event "DSOL 2022"]
[Site "Germany"]
[Date "2022.04.07"]
[Round "7.3"]
[White "Mark, Philipp"]
[Black "Spriestersbach, Kai"]
[Result "1-0"]
[ECO "E99"]
[WhiteElo "1692"]
[BlackElo "1869"]
[Annotator "NA RC"]
[PlyCount "123"]
[EventDate "2022.01.31"]
[EventType "team-tourn"]
[EventCountry "GER"]
[SourceTitle "playchess.com"]
[Source "ChessBase"]
[SourceQuality "1"]
[WhiteTeam "SC Windischeschenbach"]
[BlackTeam "SV Erkenschwick II"]
[TimeControl "2700+15"]

1. d4 Nf6 2. c4 g6 3. Nc3 Bg7 4. e4 d6 5. Nf3 O-O 6. Be2 e5 7. O-O Nc6 8. d5 Ne7 9. Ne1 Nd7 10. Nd3 f5 11. f3 f4 12. b4 a5 13. bxa5 c5 14. Bd2 Rxa5 15. Na4 Ra6 16. Qb3 g5 17. Rfb1 Kh8 18. Rb2 Ng8 19. Rab1 Ngf6 20. Nf2 h5 21. h3 g4 22. hxg4 hxg4 23. Nxg4 Nxg4 24. fxg4 Qg5 25. Qh3+ $11 Kg8 26. Nb6 Nxb6 27. Rxb6 Rxa2 28. R6b2 Rxb2 29. Rxb2 Rf6 30. Qh5 Rg6 31. Qxg5 Rxg5 32. Kf2 Bf6 33. Rb6 Be7 34. Bf3 Rg6 35. g3 Bxg4 36. gxf4 exf4 37. Bxg4 Rxg4 38. Kf3 Rg3+ 39. Kxf4 Rd3 40. Be3 Bg5+ 41. Kxg5 Rxe3 42. Kf5 Kf7 43. Rxb7+ Ke8 44. Ra7 Re1 45. Ra4 Ke7 46. Ra7+ Ke8 47. Rh7 Re2 48. Rh4 Ke7 49. Rh7+ Ke8 50. Rc7 Kd8 51. Rg7 Ke8 52. Ke6 Rxe4+ 53. Kxd6 Rxc4 54. Kc6 Ra4 55. Kxc5 Ra6 56. Rb7 Rh6 57. Rc7 Kd8 58. Rc6 Rh1 59. Rg6 Rh2 60. Kd6 Kc8 61. Rg8+ Kb7 62. Re8 1-0

[Event "DSOL 2022"]
[Site "Germany"]
[Date "2022.04.07"]
[Round "7.3"]
[White "Aldag, Thomas"]
[Black "Gallinnis, Norbert"]
[Result "1-0"]
[ECO "B97"]
[WhiteElo "1576"]
[BlackElo "1813"]
[Annotator "NA RC"]
[PlyCount "57"]
[EventDate "2022.01.31"]
[EventType "team-tourn"]
[EventCountry "GER"]
[SourceTitle "playchess.com"]
[Source "ChessBase"]
[SourceQuality "1"]
[WhiteTeam "SK Rinteln I"]
[BlackTeam "SG Porz I"]
[TimeControl "2700+15"]

1. e4 c5 2. Nf3 d6 3. d4 cxd4 4. Nxd4 Nf6 5. Nc3 a6 6. Bg5 e6 7. f4 Qb6 8. Qd2 Qxb2 9. Rb1 Qa3 10. e5 h6 11. Bh4 Nfd7 12. Be2 g6 13. O-O Qa5 14. Bf3 g5 15. Nxe6 fxe6 16. Bh5+ Kd8 17. fxg5 Qxe5 18. Rbe1 Qc5+ 19. Kh1 Nc6 20. Rxe6 Kc7 21. Nd5+ Kb8 22. Bg3 Nde5 23. Re8 Bg7 24. Rxh8 Bxh8 25. Bf2 Qc4 26. Be2 Qe4 27. Bb6 Nd7 28. Nf6 Bxf6 29. Qxd6# 1-0

[Event "DSOL 2022"]
[Site "Germany"]
[Date "2022.04.04"]
[Round "7.3"]
[White "Mittelstaedt, Hendrik"]
[Black "Heerde, Thomas"]
[Result "1-0"]
[ECO "A45"]
[WhiteElo "1564"]
[BlackElo "1467"]
[Annotator "NA RC"]
[PlyCount "119"]
[EventDate "2022.01.31"]
[EventType "team-tourn"]
[EventCountry "GER"]
[SourceTitle "playchess.com"]
[Source "ChessBase"]
[SourceQuality "1"]
[WhiteTeam "Post SV Uelzen"]
[BlackTeam "-SK Zehlendorf II"]
[TimeControl "2700+15"]

1. d4 Nf6 2. Bg5 Ne4 3. Bf4 c5 4. f3 Qa5+ 5. Nd2 Nxd2 6. Bxd2 Qb6 7. Bc3 e6 8. d5 exd5 9. Qxd5 d6 10. e4 Be6 11. Qg5 Nc6 12. a3 Nd4 13. O-O-O Nb5 14. Bxb5+ Qxb5 15. f4 f6 16. Bxf6 h6 17. Qh4 Qc4 18. b3 Qxe4 19. Bb2 Be7 20. Qg3 Bf5 21. Rd2 Rg8 22. Nf3 Kf7 23. Re1 Qc6 24. Nh4 Bxh4 25. Qxh4 Rae8 26. Red1 Qe4 27. Qf2 Re6 28. Rxd6 Rxd6 29. Rxd6 Re8 30. Be5 c4 31. Rd4 Qc6 32. Rxc4 Qa6 33. Kb2 Re7 34. h3 h5 35. Bb8 g6 36. Bxa7 b5 37. Bc5 bxc4 38. Bxe7 Kxe7 39. Qc5+ Ke6 40. b4 Kf7 41. Qc7+ Ke8 42. a4 Qe6 43. b5 Qe4 44. Qe5+ Qxe5+ 45. fxe5 h4 46. Kc3 Be4 47. a5 Bxg2 48. Kxc4 Bxh3 49. Kd4 Bg2 50. Ke3 h3 51. Kf2 g5 52. a6 g4 53. Kg3 Bf1 54. a7 Bg2 55. c4 Ke7 56. c5 Ke6 57. c6 Kxe5 58. a8=Q Bf3 59. Qd8 Ke4 60. c7 1-0

[Event "DSOL 2022"]
[Site "Germany"]
[Date "2022.04.07"]
[Round "7.3"]
[White "Timbotumba"]
[Black "Stoering, Marc"]
[Result "1/2-1/2"]
[ECO "B55"]
[WhiteElo "1462"]
[BlackElo "1633"]
[Annotator "NA RC"]
[PlyCount "98"]
[EventDate "2022.01.31"]
[EventType "team-tourn"]
[EventCountry "GER"]
[SourceTitle "playchess.com"]
[Source "ChessBase"]
[SourceQuality "1"]
[TimeControl "2700+15"]

1. e4 c5 2. Nf3 d6 3. d4 cxd4 4. Nxd4 Nf6 5. f3 e5 6. Nb3 Be6 7. c4 Qc7 8. Qd3 Nc6 9. Be3 Be7 10. Nc3 a6 11. Rc1 Nb4 12. Qe2 Nd7 13. a3 Nc6 14. Nd5 Qd8 15. Nxe7 Qxe7 16. Qd2 Nc5 17. Nxc5 dxc5 18. Be2 O-O 19. O-O Rfd8 20. Qc3 Nd4 21. Rfe1 Rd7 22. Bf1 Rad8 23. b4 cxb4 24. axb4 g6 25. c5 Kg7 26. Bc4 f6 27. Bxe6 Qxe6 28. Qc4 Kf7 29. Kf2 Qxc4 30. Rxc4 Ke6 31. Rd1 Nc6 32. Rxd7 Rxd7 33. Ke2 f5 34. exf5+ gxf5 35. Rh4 f4 36. Bd2 Nd4+ 37. Ke1 Nc2+ 38. Ke2 Nd4+ 39. Ke1 Kd5 40. Rh5 Rf7 41. Bc3 Kc4 42. Kd2 Rd7 43. Bxd4 Kxd4 44. Kc2 Rg7 45. Kb3 Re7 46. Ka4 Kc4 47. Ka5 Kb3 48. b5 axb5 49. Kxb5 Kc3 1/2-1/2

[Event "DSOL 2022"]
[Site "Germany"]
[Date "2022.04.07"]
[Round "7.4"]
[White "Gallasch, Robin"]
[Black "Rehbein, Detlef"]
[Result "0-1"]
[ECO "A40"]
[WhiteElo "1829"]
[BlackElo "1620"]
[Annotator "NA RC"]
[PlyCount "88"]
[EventDate "2022.01.31"]
[EventType "team-tourn"]
[EventCountry "GER"]
[SourceTitle "playchess.com"]
[Source "ChessBase"]
[SourceQuality "1"]
[WhiteTeam "SG Porz I"]
[BlackTeam "SK Rinteln I"]
[TimeControl "2700+15"]

1. d4 g6 2. c4 Bg7 3. Nc3 c5 4. d5 f5 5. Qc2 d6 6. g3 Na6 7. Bg2 Nf6 8. Nh3 Nc7 9. Nf4 O-O 10. O-O Rb8 11. Bd2 b5 12. cxb5 Nxb5 13. Nxb5 Rxb5 14. Bc3 Ng4 15. Rfe1 Bxc3 16. bxc3 Qa5 17. e4 Ne5 18. Ne6 Bxe6 19. dxe6 f4 20. gxf4 Rxf4 21. Qd2 g5 22. Re3 h6 23. Rg3 Kh7 24. Rf1 Qb6 25. Bh3 Rb2 26. Qd1 Rfxf2 27. Bf5+ Kg7 28. Rxf2 Rb1 29. Qxb1 Qxb1+ 30. Rf1 Qxa2 31. h4 Qd2 32. hxg5 hxg5 33. Rf2 Qe1+ 34. Kg2 Nc4 35. Rxg5+ Kf6 36. Rg6+ Ke5 37. Rg5 Ne3+ 38. Kf3 Qxc3 39. Bh3+ Kd4 40. Re2 Qd3 41. Kf2 c4 42. Bg2 c3 43. e5 c2 44. exd6 c1=Q 0-1

[Event "DSOL 2022"]
[Site "Germany"]
[Date "2022.04.07"]
[Round "7.4"]
[White "Eggenstein, Frank"]
[Black "Brunner, Tobias"]
[Result "1-0"]
[ECO "A25"]
[WhiteElo "1644"]
[BlackElo "1634"]
[Annotator "NA RC"]
[PlyCount "101"]
[EventDate "2022.01.31"]
[EventType "team-tourn"]
[EventCountry "GER"]
[SourceTitle "playchess.com"]
[Source "ChessBase"]
[SourceQuality "1"]
[WhiteTeam "SV Erkenschwick II"]
[BlackTeam "SC Windischeschenbach"]
[TimeControl "2700+15"]

1. c4 e5 2. g3 Nc6 3. Bg2 f5 4. Nc3 Nf6 5. d3 d6 6. e3 g6 7. Nge2 Bg7 8. O-O O-O 9. f4 Be6 10. Nd5 Bxd5 11. cxd5 Ne7 12. e4 Nd7 13. Nc3 c6 14. Be3 Kh8 15. Rc1 cxd5 16. exd5 exf4 17. gxf4 Nf6 18. h3 Qa5 19. Qb3 Rab8 20. Nb5 a6 21. Nc7 Rfc8 22. Bb6 Qd2 23. Rc2 Qxc2 24. Qxc2 Nfxd5 25. Qb3 Nxb6 26. Qxb6 Nc6 27. Ne6 Bf6 28. Kh2 Re8 29. Bd5 Re7 30. Bxc6 Rxe6 31. Rf2 Re7 32. Ba4 Rc8 33. Kg2 Bh4 34. Qd4+ Rg7 35. Re2 h6 36. Re8+ Rxe8 37. Bxe8 Kh7 38. Qxd6 Be7 39. Qe6 Bc5 40. Kf3 b6 41. Qf6 a5 42. d4 Bb4 43. d5 g5 44. Qxf5+ Kg8 45. Qe6+ Kf8 46. Bc6 Rf7 47. Qxh6+ Ke7 48. Qe6+ Kf8 49. Qh6+ Ke7 50. Qxg5+ Kf8 51. d6 1-0

[Event "DSOL 2022"]
[Site "Germany"]
[Date "2022.04.07"]
[Round "7.4"]
[White "Semper Benitez, Miguel Angel"]
[Black "Thomzik, Dirk"]
[Result "0-1"]
[ECO "B01"]
[WhiteElo "1620"]
[BlackElo "1689"]
[Annotator "NA RC"]
[PlyCount "22"]
[EventDate "2022.01.31"]
[EventType "team-tourn"]
[EventCountry "GER"]
[SourceTitle "playchess.com"]
[Source "ChessBase"]
[SourceQuality "1"]
[TimeControl "2700+15"]

1. e4 d5 2. exd5 Qxd5 3. Nc3 Qa5 4. d4 Nf6 5. Bd2 Bg4 6. f3 Bf5 7. Nge2 Nc6 8. g4 Bd7 9. Ne4 Qb6 10. Nc5 Nxd4 11. Nxd7 Nxf3# 0-1